General information
- name: BNet
- type: Ladder team game (AT/RT)
- host: Battle.net
- saver: BRG
map: UpperKingdom
- players: 6
- length: 43:18
- speed: Fast
- version: 1.24 W3XP
- replay type:

» download(314 KB)
Players
team 1 (loser)
El3v3n (
red | 70 APM | 3008 actions | 43:16)
6 Paladin
3 Holy Light
2 Devotion Aura
1 Resurrection
2 Death Knight
1 Death Coil
1 Animate Dead
2 Lich
1 Frost Armor
1 Frost Nova
» actions
| Assign group hotkey | 35 | |
| Build / train | 108 | |
| Enter build submenu | 30 | |
| Enter hero's abilities submenu | 10 | |
| Remove unit from queue | 6 | |
| Right click | 1636 | |
| Select / deselect | 674 | |
| Select group hotkey | 394 | |
| Use ability | 115 | |
3008 total
» units
| Peasant | 34 | |
| Footman | 10 | |
| Spell Breaker | 2 | |
| Priest | 2 | |
| Sorceress | 3 | |
| Knight | 3 | |
| Siege Engine | 6 | |
| Mortar Team | 6 | |
| Frost Wyrm | 4 | |
| Meatwagon | 4 | |
74 total
» upgrades
| Masonry | 1 | |
| Gunpowder | 3 | |
| Armor | 2 | |
| Creature Attack | 1 | |
| Creature Carapace | 1 | |
8 total
» buildings
| Altar of Kings | 1 | |
| Farm | 12 | |
| Barracks | 2 | |
| Scout Tower | 3 | |
| Lumber Mill | 1 | |
| Arcane Tower | 1 | |
| Arcane Vault | 1 | |
| Keep | 2 | |
| Blacksmith | 1 | |
| Arcane Sanctum | 2 | |
| Castle | 1 | |
| Workshop | 3 | |
| Ziggurat | 4 | |
| Town Hall | 2 | |
| Slaughterhouse | 2 | |
38 total
» build order
00:19 Altar of Kings
00:23 Farm
00:50 Barracks
01:06 Barracks
01:42 Farm
02:01 Farm
02:24 Scout Tower
02:37 Lumber Mill
02:46 Farm
03:06 Arcane Tower
04:51 Farm
07:15 Arcane Vault
08:57 Keep
09:20 Blacksmith
10:49 Farm
11:23 Arcane Sanctum
11:38 Castle
13:14 Scout Tower
13:15 Scout Tower
14:02 Farm
16:49 Workshop
16:50 Workshop
17:50 Farm
17:53 Farm
17:54 Farm
18:08 Farm
18:55 Workshop
28:31 Ziggurat
28:32 Ziggurat
28:32 Ziggurat
30:42 Town Hall
35:20 Slaughterhouse
35:21 Slaughterhouse
36:18 Town Hall
» items
| Scroll of Regeneration | 3 | |
| Lesser Clarity Potion | 2 | |
5 total
katot (
teal | 161 APM | 4031 actions | 24:58)
4 Death Knight
2 Death Coil
2 Unholy Aura
3 Lich
2 Frost Nova
1 Frost Armor
» actions
| Assign group hotkey | 36 | |
| Basic commands | 270 | |
| Build / train | 74 | |
| Enter build submenu | 14 | |
| Enter hero's abilities submenu | 7 | |
| Right click | 1818 | |
| Select / deselect | 386 | |
| Select group hotkey | 1328 | |
| Use ability | 98 | |
4031 total
» units
| Acolyte | 7 | |
| Ghoul | 6 | |
| Crypt Fiend | 13 | |
| Magnataur Warrior | 1 | |
| Frost Wyrm | 9 | |
36 total
» upgrades
| Web | 1 | |
| Freezing Breath | 1 | |
| Creature Carapace | 2 | |
| Creature Attack | 2 | |
6 total
» buildings
| Graveyard | 1 | |
| Crypt | 1 | |
| Altar of Darkness | 1 | |
| Ziggurat | 7 | |
| Tomb of Relics | 1 | |
| Nerubian Tower | 1 | |
| Halls of the Dead | 1 | |
| Black Citadel | 1 | |
| Sacrificial Pit | 1 | |
| Boneyard | 2 | |
| Spirit Tower | 1 | |
18 total
» build order
00:11 Graveyard
00:21 Crypt
00:43 Altar of Darkness
00:57 Ziggurat
01:13 Tomb of Relics
02:00 Ziggurat
02:10 Nerubian Tower
04:22 Halls of the Dead
04:45 Ziggurat
06:13 Ziggurat
07:45 Black Citadel
08:29 Ziggurat
10:01 Sacrificial Pit
11:48 Boneyard
11:49 Boneyard
14:04 Ziggurat
14:05 Ziggurat
21:23 Spirit Tower
» items
| Rod of Necromancy | 2 | |
| Dust of Appearance | 3 | |
| Scroll of Town Portal | 3 | |
| Potion of Healing | 3 | |
| Scroll of Healing | 1 | |
| Potion of Mana | 1 | |
| Orb of Corruption | 1 | |
14 total
NKVD (
purple | 44 APM | 1099 actions | 24:54)
4 Mountain King
2 Storm Bolt
2 Bash
» actions
| Build / train | 53 | |
| Enter build submenu | 22 | |
| Enter hero's abilities submenu | 4 | |
| Remove unit from queue | 1 | |
| Right click | 545 | |
| Select / deselect | 430 | |
| Use ability | 44 | |
1099 total
» units
| Peasant | 16 | |
| Rifleman | 4 | |
| Mortar Team | 6 | |
| Siege Engine | 5 | |
31 total
» upgrades
| Gunpowder | 2 | |
| Armor | 2 | |
| Long Rifles | 1 | |
| Lumber Harvesting | 1 | |
| Flare | 1 | |
| Fragmentation Shards | 1 | |
| Barrage | 1 | |
| Masonry | 1 | |
| Plating | 2 | |
12 total
» buildings
| Altar of Kings | 2 | |
| Farm | 11 | |
| Barracks | 1 | |
| Blacksmith | 1 | |
| Scout Tower | 1 | |
| Arcane Tower | 1 | |
| Keep | 1 | |
| Lumber Mill | 1 | |
| Castle | 1 | |
| Workshop | 2 | |
| Arcane Vault | 1 | |
| Town Hall | 1 | |
24 total
» build order
00:08 Altar of Kings
00:37 Farm
01:10 Farm
01:16 Barracks
01:43 Blacksmith
02:00 Scout Tower
02:19 Farm
02:44 Arcane Tower
03:43 Keep
04:03 Farm
04:19 Lumber Mill
04:46 Farm
06:14 Castle
06:19 Workshop
06:31 Workshop
07:11 Arcane Vault
08:38 Farm
09:16 Farm
09:55 Farm
10:40 Farm
10:58 Town Hall
14:14 Farm
22:35 Altar of Kings
23:51 Farm
» items
team 2 (winner)
BRG (
yellow | 93 APM | 4032 actions | 43:18)
7 Blademaster
3 Wind Walk
3 Critical Strike
1 Bladestorm
» actions
| Assign group hotkey | 11 | |
| Basic commands | 4 | |
| Build / train | 110 | |
| Enter build submenu | 83 | |
| Enter hero's abilities submenu | 9 | |
| Give item / drop item | 6 | |
| Remove unit from queue | 3 | |
| Right click | 2630 | |
| Select / deselect | 445 | |
| Select group hotkey | 491 | |
| Use ability | 240 | |
4032 total
» units
| Peon | 23 | |
| Troll Batrider | 40 | |
| Demolisher | 7 | |
70 total
» upgrades
| Backpack | 0 | |
| Ranged Weapons | 3 | |
| Liquid Fire | 1 | |
| Reinforced Defenses | 1 | |
| Armor | 2 | |
| Burning Oil | 1 | |
| Troll Regeneration | 1 | |
9 total
» buildings
| Altar of Storms | 1 | |
| Orc Burrow | 6 | |
| War Mill | 2 | |
| Voodoo Lounge | 4 | |
| Watch Tower | 54 | |
| Stronghold | 1 | |
| Beastiary | 3 | |
| Fortress | 1 | |
| Great Hall | 3 | |
| Barracks | 3 | |
78 total
» build order
00:15 Altar of Storms
00:19 Orc Burrow
00:52 War Mill
01:37 Voodoo Lounge
02:05 Watch Tower
02:23 Orc Burrow
02:35 Watch Tower
03:12 Watch Tower
03:27 Watch Tower
03:42 Watch Tower
03:46 Watch Tower
04:14 Watch Tower
04:16 Watch Tower
04:28 Watch Tower
04:52 Watch Tower
06:00 Watch Tower
06:01 Watch Tower
06:03 Watch Tower
06:28 Stronghold
08:16 Voodoo Lounge
08:20 Voodoo Lounge
08:22 Watch Tower
08:23 Watch Tower
08:40 Orc Burrow
08:44 Orc Burrow
09:00 Beastiary
09:10 Beastiary
10:20 Voodoo Lounge
10:32 Watch Tower
10:33 Watch Tower
10:39 Fortress
11:33 Watch Tower
11:43 Watch Tower
12:51 Watch Tower
14:06 Great Hall
14:08 Watch Tower
14:09 Watch Tower
14:21 Watch Tower
15:12 Watch Tower
15:16 Watch Tower
15:33 Watch Tower
16:55 Watch Tower
16:56 Watch Tower
18:49 Watch Tower
18:51 Watch Tower
19:56 Watch Tower
19:58 Watch Tower
21:03 Watch Tower
21:04 Watch Tower
22:57 Watch Tower
22:58 Watch Tower
25:19 Great Hall
26:24 Watch Tower
27:27 Watch Tower
27:28 Watch Tower
27:28 Watch Tower
27:28 Watch Tower
28:37 Great Hall
29:16 Watch Tower
29:16 Watch Tower
29:53 War Mill
30:13 Watch Tower
32:10 Barracks
35:15 Watch Tower
35:16 Watch Tower
35:16 Watch Tower
35:17 Watch Tower
35:18 Watch Tower
35:18 Watch Tower
35:40 Beastiary
39:24 Watch Tower
39:24 Watch Tower
39:25 Watch Tower
39:43 Watch Tower
40:25 Barracks
40:32 Barracks
40:33 Orc Burrow
40:35 Orc Burrow
» items
| Healing Salve | 2 | |
| Lesser Clarity Potion | 9 | |
| Scroll of Town Portal | 1 | |
| Orb of Lightning | 1 | |
13 total
RoganJosh.Yum (
green | 113 APM | 4878 actions | 43:16)
6 Mountain King
3 Storm Bolt
2 Bash
1 Avatar
6 Paladin
3 Holy Light
3 Divine Shield
» actions
| Assign group hotkey | 145 | |
| Basic commands | 19 | |
| Build / train | 157 | |
| ESC pressed | 9 | |
| Enter build submenu | 96 | |
| Enter hero's abilities submenu | 12 | |
| Give item / drop item | 7 | |
| Remove unit from queue | 3 | |
| Right click | 2736 | |
| Select / deselect | 768 | |
| Select group hotkey | 568 | |
| Use ability | 357 | |
4878 total
» units
| Peasant | 27 | |
| Dragonhawk Rider | 5 | |
32 total
» upgrades
| Masonry | 3 | |
| Lumber Harvesting | 2 | |
| Armor | 3 | |
| Swords | 3 | |
11 total
» buildings
| Altar of Kings | 1 | |
| Scout Tower | 141 | |
| Lumber Mill | 1 | |
| Farm | 5 | |
| Guard Tower | 76 | |
| Keep | 2 | |
| Arcane Vault | 1 | |
| Castle | 3 | |
| Town Hall | 1 | |
| Gryphon Aviary | 2 | |
| Blacksmith | 1 | |
| Barracks | 1 | |
235 total
» build order
00:02 Altar of Kings
00:20 Scout Tower
00:21 Scout Tower
00:28 Lumber Mill
00:54 Farm
01:37 Farm
01:46 Scout Tower
01:48 Scout Tower
01:50 Scout Tower
02:10 Scout Tower
02:11 Scout Tower
02:15 Guard Tower
02:15 Guard Tower
02:15 Guard Tower
02:20 Scout Tower
02:33 Scout Tower
02:37 Guard Tower
02:51 Scout Tower
02:52 Scout Tower
02:54 Guard Tower
02:54 Guard Tower
02:58 Scout Tower
04:17 Keep
04:18 Keep
04:27 Scout Tower
04:28 Scout Tower
04:29 Guard Tower
04:32 Guard Tower
04:32 Guard Tower
04:36 Scout Tower
05:02 Guard Tower
05:02 Guard Tower
05:10 Guard Tower
05:11 Guard Tower
05:36 Guard Tower
05:38 Scout Tower
05:39 Scout Tower
05:53 Scout Tower
06:09 Scout Tower
06:10 Scout Tower
06:11 Scout Tower
06:12 Scout Tower
06:15 Scout Tower
06:16 Scout Tower
06:17 Guard Tower
07:08 Scout Tower
07:10 Scout Tower
07:11 Scout Tower
07:11 Scout Tower
07:12 Scout Tower
07:13 Scout Tower
07:14 Scout Tower
07:15 Scout Tower
07:58 Guard Tower
08:08 Guard Tower
08:14 Scout Tower
08:15 Scout Tower
08:15 Scout Tower
08:16 Scout Tower
08:21 Scout Tower
08:22 Scout Tower
08:24 Scout Tower
08:24 Scout Tower
08:32 Scout Tower
08:33 Scout Tower
08:34 Scout Tower
08:35 Scout Tower
08:39 Farm
09:08 Arcane Vault
09:23 Guard Tower
09:24 Guard Tower
09:24 Guard Tower
09:39 Guard Tower
09:40 Guard Tower
09:40 Guard Tower
09:41 Guard Tower
09:41 Guard Tower
09:41 Guard Tower
10:01 Guard Tower
10:01 Guard Tower
10:02 Guard Tower
10:13 Guard Tower
10:13 Guard Tower
10:13 Guard Tower
10:13 Guard Tower
10:30 Guard Tower
10:42 Guard Tower
10:42 Guard Tower
10:42 Guard Tower
11:37 Scout Tower
11:38 Scout Tower
11:39 Scout Tower
11:39 Scout Tower
11:41 Scout Tower
11:42 Scout Tower
11:44 Scout Tower
11:45 Scout Tower
11:49 Guard Tower
12:25 Scout Tower
12:26 Scout Tower
12:28 Scout Tower
12:29 Scout Tower
12:31 Scout Tower
12:32 Scout Tower
12:43 Guard Tower
12:52 Farm
12:53 Farm
13:00 Guard Tower
13:11 Guard Tower
13:51 Castle
13:51 Castle
14:34 Guard Tower
16:25 Scout Tower
16:26 Scout Tower
16:27 Scout Tower
16:28 Scout Tower
17:05 Scout Tower
17:06 Scout Tower
17:07 Scout Tower
17:07 Scout Tower
17:08 Scout Tower
17:09 Scout Tower
17:11 Scout Tower
17:12 Guard Tower
17:12 Guard Tower
17:33 Town Hall
17:55 Guard Tower
17:58 Scout Tower
17:59 Scout Tower
18:16 Scout Tower
18:17 Scout Tower
18:18 Scout Tower
18:19 Scout Tower
18:50 Guard Tower
18:50 Guard Tower
19:09 Guard Tower
20:42 Guard Tower
21:11 Scout Tower
21:12 Scout Tower
21:14 Scout Tower
21:15 Scout Tower
21:16 Scout Tower
21:16 Scout Tower
21:17 Scout Tower
21:17 Scout Tower
21:18 Scout Tower
23:04 Guard Tower
23:04 Guard Tower
23:07 Scout Tower
23:08 Scout Tower
23:09 Scout Tower
23:09 Scout Tower
23:11 Scout Tower
23:11 Scout Tower
23:12 Scout Tower
23:13 Scout Tower
23:14 Scout Tower
23:14 Scout Tower
23:14 Scout Tower
23:23 Gryphon Aviary
23:23 Gryphon Aviary
23:24 Blacksmith
24:29 Guard Tower
27:40 Guard Tower
27:44 Scout Tower
27:45 Scout Tower
27:46 Scout Tower
27:46 Scout Tower
27:47 Scout Tower
29:38 Guard Tower
29:42 Scout Tower
29:42 Scout Tower
29:43 Scout Tower
29:43 Scout Tower
29:44 Scout Tower
30:28 Guard Tower
30:39 Barracks
33:16 Scout Tower
33:16 Scout Tower
33:17 Scout Tower
33:18 Scout Tower
33:18 Scout Tower
33:20 Scout Tower
33:21 Scout Tower
33:22 Scout Tower
33:22 Scout Tower
33:23 Scout Tower
33:24 Scout Tower
33:25 Guard Tower
34:47 Guard Tower
34:48 Guard Tower
34:48 Guard Tower
35:24 Guard Tower
35:24 Guard Tower
35:25 Guard Tower
36:18 Scout Tower
36:19 Scout Tower
36:23 Scout Tower
36:24 Scout Tower
36:25 Scout Tower
36:26 Scout Tower
36:27 Scout Tower
36:28 Scout Tower
36:28 Scout Tower
36:29 Scout Tower
36:30 Scout Tower
36:31 Scout Tower
36:31 Scout Tower
39:34 Scout Tower
39:35 Scout Tower
39:35 Scout Tower
39:36 Scout Tower
39:36 Scout Tower
39:37 Scout Tower
39:38 Scout Tower
39:39 Scout Tower
42:22 Guard Tower
42:24 Scout Tower
42:25 Scout Tower
42:27 Scout Tower
42:28 Scout Tower
42:41 Guard Tower
42:41 Guard Tower
» items
| Scroll of Regeneration | 1 | |
| Lesser Clarity Potion | 1 | |
| Staff of Sanctuary | 2 | |
| Orb of Lightning | 2 | |
6 total
TIMG4StrOK (
orange | 86 APM | 3731 actions | 43:16)
5 Archmage
3 Blizzard
2 Brilliance Aura
5 Pit Lord
3 Rain of Fire
2 Howl of Terror
1 Mountain King
1 Storm Bolt
» actions
| Assign group hotkey | 6 | |
| Basic commands | 34 | |
| Build / train | 160 | |
| ESC pressed | 12 | |
| Enter build submenu | 122 | |
| Enter hero's abilities submenu | 12 | |
| Give item / drop item | 7 | |
| Right click | 1752 | |
| Select / deselect | 467 | |
| Select group hotkey | 721 | |
| Use ability | 438 | |
3731 total
» units
» upgrades
| Masonry | 3 | |
| Lumber Harvesting | 2 | |
| Magic Sentry | 1 | |
6 total
» buildings
| Lumber Mill | 3 | |
| Scout Tower | 215 | |
| Altar of Kings | 1 | |
| Farm | 2 | |
| Arcane Tower | 6 | |
| Guard Tower | 81 | |
| Town Hall | 2 | |
| Keep | 1 | |
| Arcane Sanctum | 1 | |
| Castle | 1 | |
| Arcane Vault | 2 | |
315 total
» build order
00:12 Lumber Mill
00:21 Scout Tower
00:24 Scout Tower
00:27 Altar of Kings
00:29 Farm
01:14 Arcane Tower
01:14 Arcane Tower
01:15 Arcane Tower
01:44 Arcane Tower
01:44 Arcane Tower
01:55 Scout Tower
01:58 Scout Tower
02:15 Farm
02:24 Guard Tower
02:36 Guard Tower
02:58 Scout Tower
03:04 Scout Tower
03:28 Guard Tower
03:29 Scout Tower
03:53 Guard Tower
03:55 Scout Tower
03:55 Scout Tower
04:00 Guard Tower
04:01 Scout Tower
04:31 Scout Tower
04:31 Scout Tower
04:35 Scout Tower
04:36 Guard Tower
04:48 Guard Tower
04:51 Scout Tower
05:02 Guard Tower
05:17 Guard Tower
05:19 Scout Tower
05:46 Guard Tower
05:48 Guard Tower
05:54 Scout Tower
05:54 Scout Tower
07:13 Scout Tower
07:14 Scout Tower
07:15 Scout Tower
07:15 Scout Tower
07:22 Scout Tower
07:23 Scout Tower
07:36 Scout Tower
07:37 Scout Tower
07:42 Scout Tower
07:43 Scout Tower
07:56 Guard Tower
08:13 Guard Tower
08:29 Guard Tower
08:31 Scout Tower
08:32 Scout Tower
08:32 Scout Tower
08:37 Guard Tower
08:38 Scout Tower
08:39 Scout Tower
08:39 Scout Tower
08:40 Scout Tower
08:53 Guard Tower
08:54 Guard Tower
09:08 Guard Tower
09:31 Guard Tower
10:13 Town Hall
10:18 Scout Tower
10:19 Scout Tower
10:24 Guard Tower
10:24 Guard Tower
10:24 Guard Tower
11:04 Guard Tower
11:13 Guard Tower
11:34 Guard Tower
11:35 Scout Tower
12:07 Guard Tower
12:08 Scout Tower
12:10 Scout Tower
12:27 Scout Tower
12:30 Scout Tower
13:57 Guard Tower
14:00 Scout Tower
14:01 Scout Tower
14:01 Scout Tower
14:08 Guard Tower
14:10 Keep
14:12 Scout Tower
14:13 Scout Tower
14:13 Scout Tower
14:14 Scout Tower
14:15 Scout Tower
14:16 Scout Tower
14:32 Scout Tower
14:33 Scout Tower
14:34 Scout Tower
14:48 Guard Tower
15:16 Guard Tower
15:17 Scout Tower
15:18 Scout Tower
15:19 Scout Tower
15:19 Scout Tower
15:20 Guard Tower
15:28 Scout Tower
15:28 Scout Tower
15:29 Scout Tower
15:30 Scout Tower
15:33 Guard Tower
16:24 Scout Tower
16:27 Guard Tower
16:33 Guard Tower
16:39 Scout Tower
16:44 Scout Tower
16:45 Scout Tower
16:46 Scout Tower
16:55 Lumber Mill
17:05 Arcane Sanctum
17:08 Guard Tower
17:11 Scout Tower
17:11 Scout Tower
17:12 Scout Tower
17:13 Scout Tower
17:17 Guard Tower
17:19 Guard Tower
17:23 Scout Tower
17:24 Scout Tower
17:24 Scout Tower
17:25 Scout Tower
17:55 Castle
18:13 Guard Tower
18:55 Arcane Vault
18:58 Guard Tower
19:02 Guard Tower
19:05 Scout Tower
19:06 Scout Tower
19:07 Scout Tower
19:09 Scout Tower
19:10 Scout Tower
19:45 Scout Tower
19:46 Scout Tower
19:46 Scout Tower
19:47 Scout Tower
19:48 Scout Tower
19:48 Scout Tower
19:52 Guard Tower
20:39 Guard Tower
20:53 Guard Tower
20:55 Guard Tower
20:56 Scout Tower
20:57 Scout Tower
20:58 Scout Tower
20:59 Scout Tower
20:59 Scout Tower
21:18 Guard Tower
21:26 Scout Tower
21:27 Scout Tower
21:27 Scout Tower
21:28 Scout Tower
21:28 Scout Tower
21:33 Scout Tower
21:33 Scout Tower
21:34 Scout Tower
21:36 Scout Tower
21:37 Scout Tower
21:40 Guard Tower
21:44 Guard Tower
21:47 Scout Tower
21:48 Scout Tower
21:48 Scout Tower
21:49 Scout Tower
21:50 Scout Tower
22:16 Guard Tower
22:23 Guard Tower
22:50 Guard Tower
23:16 Guard Tower
23:20 Guard Tower
23:24 Scout Tower
23:24 Scout Tower
23:51 Guard Tower
23:57 Guard Tower
24:20 Guard Tower
24:22 Scout Tower
24:22 Scout Tower
24:27 Scout Tower
24:27 Scout Tower
24:30 Scout Tower
24:37 Guard Tower
25:15 Guard Tower
25:49 Guard Tower
25:50 Scout Tower
25:50 Scout Tower
25:51 Scout Tower
27:21 Guard Tower
27:25 Scout Tower
27:26 Scout Tower
27:27 Scout Tower
27:27 Scout Tower
28:34 Scout Tower
28:34 Scout Tower
28:35 Scout Tower
28:36 Scout Tower
28:36 Scout Tower
28:37 Scout Tower
28:44 Guard Tower
29:44 Guard Tower
29:45 Scout Tower
29:46 Scout Tower
29:47 Scout Tower
29:47 Scout Tower
30:21 Guard Tower
30:25 Scout Tower
30:25 Scout Tower
30:26 Scout Tower
30:26 Scout Tower
30:27 Scout Tower
31:01 Guard Tower
31:11 Scout Tower
31:11 Scout Tower
31:12 Scout Tower
31:12 Scout Tower
31:57 Guard Tower
31:59 Scout Tower
31:59 Scout Tower
32:00 Scout Tower
32:01 Scout Tower
32:02 Scout Tower
32:03 Scout Tower
32:04 Scout Tower
32:04 Scout Tower
32:11 Guard Tower
32:13 Scout Tower
32:15 Scout Tower
32:15 Scout Tower
32:17 Scout Tower
32:21 Scout Tower
32:22 Scout Tower
32:22 Scout Tower
32:23 Scout Tower
32:23 Scout Tower
32:24 Scout Tower
33:21 Scout Tower
33:21 Scout Tower
33:22 Scout Tower
33:23 Scout Tower
33:23 Scout Tower
33:24 Scout Tower
33:24 Scout Tower
33:25 Scout Tower
33:28 Guard Tower
33:32 Guard Tower
33:40 Guard Tower
34:16 Scout Tower
34:18 Guard Tower
34:44 Guard Tower
34:45 Scout Tower
34:46 Scout Tower
34:47 Scout Tower
34:48 Scout Tower
34:55 Guard Tower
34:59 Scout Tower
35:00 Scout Tower
35:00 Scout Tower
35:01 Scout Tower
35:08 Guard Tower
35:10 Scout Tower
35:11 Scout Tower
35:12 Scout Tower
35:12 Scout Tower
35:12 Scout Tower
35:13 Scout Tower
35:13 Scout Tower
35:13 Scout Tower
35:14 Scout Tower
35:20 Guard Tower
35:39 Guard Tower
35:43 Guard Tower
35:47 Scout Tower
35:47 Scout Tower
35:48 Scout Tower
35:49 Scout Tower
35:50 Scout Tower
36:08 Guard Tower
36:10 Scout Tower
36:10 Scout Tower
36:10 Scout Tower
36:11 Scout Tower
36:11 Guard Tower
36:13 Scout Tower
36:33 Guard Tower
37:34 Guard Tower
37:59 Guard Tower
38:00 Lumber Mill
41:29 Town Hall
41:35 Scout Tower
41:36 Scout Tower
41:37 Scout Tower
41:37 Scout Tower
41:37 Scout Tower
41:38 Scout Tower
41:38 Scout Tower
41:39 Scout Tower
41:39 Scout Tower
41:40 Scout Tower
41:41 Scout Tower
41:42 Scout Tower
41:42 Scout Tower
41:43 Scout Tower
41:43 Scout Tower
41:44 Scout Tower
41:44 Scout Tower
41:45 Scout Tower
41:45 Scout Tower
41:46 Scout Tower
41:47 Scout Tower
42:08 Guard Tower
» items
| Orb of Lightning | 2 | |
| Healing Salve | 4 | |
| Potion of Healing | 4 | |
| Staff of Sanctuary | 2 | |
| Lesser Clarity Potion | 2 | |
| Potion of Mana | 1 | |
15 total
Chat log
(25:06 / All) El3v3n: omg
(25:11 / All) El3v3n: this is fucking borring
(25:12 / All) TIMG4StrOK: noobs!!!!!!!!!!
(25:16 / All) El3v3n: lol
(26:27 / All) TIMG4StrOK: NOOB LEAVE
(26:43 / All) BRG: eleven
(26:44 / All) BRG: is
(26:45 / All) BRG: your
(26:45 / All) BRG: apm
(26:46 / All) BRG: owned
(27:01 / All) BRG: that's like three and a half apm for each player
(31:56 / All) BRG: do you ever expand
(31:58 / All) BRG: shitnoobe
(32:25 / All) BRG: nop[e
(32:26 / All) BRG: soz
(32:34 / All) BRG: thanks
(32:44 / All) BRG: for level 6
(32:45 / All) BRG: from workers
(32:55 / All) BRG: here's a hint cancel
(33:05 / All) BRG: too busy losing units to towers
(33:06 / All) BRG: ?
(33:19 / All) El3v3n: u are pro?
(33:22 / All) El3v3n: a tower masser?
(33:25 / All) El3v3n: hahahahahahaahahah
(33:29 / All) El3v3n: what a nerd
(33:29 / All) BRG: pro tower master yeah thanks
(34:39 / All) El3v3n: oh
(34:46 / All) El3v3n: you really pro
(34:58 / All) BRG: taking some time out from losing
(34:59 / All) BRG: ?
(36:38 / All) TIMG4StrOK: that gold mine is dead
(36:40 / All) TIMG4StrOK: dont bother
(37:19 / All) BRG: yeah try again
(37:19 / All) BRG: nope
(37:21 / All) BRG: shitfuck
(37:39 / All) BRG: nice expo birdnoob
(38:38 / All) El3v3n: this will go long?
(38:42 / All) BRG: if you want
(38:46 / All) El3v3n: ok
(38:52 / All) El3v3n: i will stay in msn too ;p
(38:52 / All) BRG: send $15 paypal to kerr.tyler@gmail.com
(38:54 / All) BRG: if you don't
(38:56 / All) BRG: this game be long
(39:11 / All) El3v3n: yes yes
(40:15 / All) BRG: bye
(40:33 / All) El3v3n: hahahahahah
(40:41 / All) El3v3n: allies left because it was borring
(40:47 / All) BRG: allies left because you all suck shit
(40:50 / All) El3v3n: u sucked anyway
(40:51 / All) TIMG4StrOK: because you nob
(40:53 / All) El3v3n: hahahaahah
(40:54 / All) BRG: ha
(40:54 / All) El3v3n: yes yes
(40:56 / All) BRG: ha
(40:57 / All) BRG: good joke
(40:58 / All) El3v3n: u really pro xd
(40:59 / All) BRG: your first joke
(41:02 / All) El3v3n: nice at games man
(41:03 / All) TIMG4StrOK: you really noob
(41:07 / All) El3v3n: 1hour games xddddddd
(41:13 / All) El3v3n: really safe wins yeah xd
(41:15 / All) El3v3n: hahahahahah
(41:18 / All) El3v3n: shit noobs
(41:19 / All) BRG: ty for free win
(41:23 / All) TIMG4StrOK: relax guy
(41:25 / All) TIMG4StrOK: its a game
(41:27 / All) El3v3n: yes yes
(41:30 / All) El3v3n: hahahahah
(41:35 / All) El3v3n: noobs of shit
(41:44 / All) El3v3n: 1 hour game in at xdddd
(41:47 / All) El3v3n: u really pro
(41:56 / All) BRG: you spend 1 hour losing often?
(41:57 / All) TIMG4StrOK: 1 hour loss in at xddd
(41:59 / All) BRG: must be a painful life
(42:00 / All) TIMG4StrOK: you really bad
(42:01 / All) BRG: yeowch
(42:06 / All) El3v3n: I know
(42:12 / All) El3v3n: u dont have live
(42:18 / All) BRG: you don't have win
(42:20 / All) El3v3n: while i was playing with u
(42:24 / All) El3v3n: i was in msn xddddddd
(42:27 / All) El3v3n: because u bored me man
(42:34 / All) RoganJosh.Yum: it show because of how bad u play. LOL :)
(42:35 / All) TIMG4StrOK: msn is the epitome of having a life
(42:36 / All) BRG: now you're here crying
(42:38 / All) BRG: i love it
(42:53 / All) El3v3n: watch stats motherfucker ;)
(43:00 / All) El3v3n: if u want a solo against me
(43:02 / All) El3v3n: wisp me
(43:07 / All) El3v3n: i will own you east
(43:07 / All) BRG: channel LLJK
(43:10 / All) BRG: come on down
(43:11 / All) El3v3n: easy
(43:12 / All) TIMG4StrOK: solo me